 Dungeon Crawl Stone Soup version 0.20.1-1-g8b1a95d (webtiles) character file.

344 Chisa the Skirmisher (level 6, 0/56 HPs)
             Began as a Hill Orc Fighter on Sept 7, 2017.
             Slain by Pikel
             ... wielding a +1 whip of freezing
              (2 damage)
             ... on level 4 of the Dungeon.
             The game lasted 00:05:22 (2268 turns).

Chisa the Skirmisher (Hill Orc Fighter)             Turns: 2268, Time: 00:05:23

Health: 0/56       AC:  7    Str: 26    XL:     6   Next: 58%
Magic:  0/6        EV:  7    Int:  8    God:
Gold:   150        SH: 11    Dex: 10    Spells: 5/5 levels left

rFire    . . .     SeeInvis .   a - +0 flail
rCold    . . .     Gourm    .   c - +1 shield
rNeg     . . .     Faith    .   b - +0 scale mail
rPois    .         Spirit   +   (no helmet)
rElec    .         Reflect  .   (no cloak)
rCorr    .         Harm     .   (no gloves)
MR       .....                  (no boots)
Stlth    +.........             v - amulet of guardian spirit
Regen    0.2/turn               g - ring of stealth
MPRegen  0.1/turn               (no ring)

@: mighty
A: no striking features
a: no special abilities


You were on level 4 of the Dungeon.
You were not hungry.

You visited 1 branch of the dungeon, and saw 4 of its levels.

You collected 150 gold pieces.

Inventory:

Hand Weapons
 a - a +0 flail (weapon)
Missiles
 w - 20 bolts
Armour
 b - a +0 scale mail (worn)
 c - a +1 shield (worn)
Jewellery
 g - a ring of stealth (left hand)
 v - an amulet of guardian spirit (around neck)
 y - an uncursed amulet of rage {unknown}
Scrolls
 h - 3 scrolls of identify
 m - 3 scrolls of remove curse
 n - 2 scrolls of enchant armour
 o - a scroll of fear {unknown}
 p - 2 scrolls of amnesia
 x - a scroll of magic mapping {unknown}
Potions
 j - a potion of ambrosia {unknown}
 k - 2 potions of lignification
 q - a potion of brilliance {unknown}
 r - 2 potions of berserk rage {unknown}
 u - a potion of curing {unknown}
Comestibles
 f - 3 bread rations
 i - 2 meat rations
 l - a fruit
 s - 3 chunks of flesh
 t - 2 royal jellies


   Skills:
 + Level 5.1 Fighting
 * Level 4.8 Maces & Flails
 + Level 4.4 Armour
 + Level 4.5 Shields


You had 5 spell levels left.
You didn't know any spells.

Dungeon Overview and Level Annotations

Branches:
Dungeon (4/15)
 Temple: D:4-7

Altars:
Elyvilon
Qazlal
Vehumet

Annotations:
D:4 Pikel


Message History

You see here 24 stones.
Pikel says, "I just want to get paid!"
You block the slave's attack.
As you read the scroll labeled QOANIC ZARUD, it crumbles to dust.
It is a scroll of amnesia.
You feel forgetful for a moment. You block Pikel's attack.
You block the slave's attack.
There are monsters nearby!
As you read the scroll labeled SOCRAVVIDUR, it crumbles to dust.
The scroll dissolves into smoke.
It was a scroll of fog.
Pikel hits you with a whip of freezing!
* * * LOW HITPOINT WARNING * * *
Pikel freezes you.
* * * LOW HITPOINT WARNING * * *
The slave hits you!
* * * LOW HITPOINT WARNING * * *
You sock Pikel!
Pikel is heavily wounded.
Pikel hits you with a whip of freezing.
You die...

##.#
#.###############. ..#
#......[).....#... ##
###########.......
#....... #.......
#....... #####
#......# #..p###
#####.#.##.# #'#pK@#
#.......##(# #_###p##
#.###.####.# #p#.§p§#
#..........# #...#..#
####..##...#
#####..#######..##...#
#...........##...#
#..########.......
#...##########...#
#.p..............#


You could see Pikel and 4 slaves.

Vanquished Creatures
  Sigmund (D:4)
  A bullfrog skeleton (D:3)
  An orc wizard (D:4)
  6 adders
  2 worms
  A dart slug (D:1)
  A leopard gecko (D:2)
  3 orcs
  A ball python (D:3)
  4 giant cockroaches
  10 goblins
  14 hobgoblins
  4 quokkas
  6 bats
  2 frilled lizards
  4 kobolds
  4 rats
65 creatures vanquished.

Notes
Turn   | Place    | Note
-------+----------+-------------------------------------------
     0 | D:1      | Chisa the Hill Orc Fighter began the quest for the Orb.
     0 | D:1      | Reached XP level 1. HP: 19/19 MP: 1/1
   142 | D:1      | Reached XP level 2. HP: 27/27 MP: 2/2
   500 | D:1      | Reached skill level 4 in Fighting
   955 | D:2      | Reached XP level 3. HP: 33/33 MP: 3/3
  1381 | D:3      | Reached XP level 4. HP: 40/40 MP: 4/4
  1469 | D:3      | Found a stormy altar of Qazlal.
  1510 | D:3      | Reached XP level 5. HP: 36/47 MP: 5/5
  1660 | D:3      | Found a white marble altar of Elyvilon.
  2069 | D:4      | Noticed Sigmund
  2086 | D:4      | Killed Sigmund
  2086 | D:4      | Reached skill level 5 in Fighting
  2086 | D:4      | Reached XP level 6. HP: 28/56 MP: 4/6
  2226 | D:4      | Noticed a slave
  2227 | D:4      | Noticed a slave
  2227 | D:4      | Noticed a slave
  2228 | D:4      | Noticed Pikel
  2229 | D:4      | Noticed a slave
  2257 | D:4      | Found a radiant altar of Vehumet.
  2267 | D:4      | HP: 2/56 [slave[Pikel] (6)]
  2268 | D:4      | Slain by Pikel

Skill      XL: |  1  2  3  4  5 |
---------------+----------------+-----
Fighting       | 4 5 |  5.1
Maces & Flails | 3 4 |  4.8
Shields        | 4 |  4.5
Armour         | 4 |  4.4

Action                   |  1- 3 |  4- 6 || total
-------------------------+-------+-------++-------
Melee: Flail             |   119 |   157 ||   276
  Use: Scroll            |       |     5 ||     5
       Potion            |       |     2 ||     2
  Eat: Chunk             |     1 |     4 ||     5
Armor: Scale mail        |    59 |    72 ||   131
Dodge: Dodged            |    43 |    43 ||    86
Block: Shield            |    65 |   103 ||   168
